 Dungeon Crawl Stone Soup version 0.21.1-1-g345015fe64 (webtiles) character file.

24 Nattfarinn the Sneak (level 3, 0/37 HPs)
             Began as a Gnoll Enchanter on May 6, 2018.
             Slain by an adder (2 damage)
             ... on level 3 of the Dungeon.
             The game lasted 00:01:43 (960 turns).

Nattfarinn the Sneak (Gnoll Enchanter)               Turns: 960, Time: 00:01:44

Health: 0/37       AC:  2    Str: 16    XL:     3   Next: 2%
Magic:  9/9        EV: 14    Int: 17    God:
Gold:   60         SH:  2    Dex: 15    Spells: 10/11 levels left

rFire    . . .     SeeInvis .   a - +1 dagger
rCold    . . .     Gourm    .   (no shield)
rNeg     . . .     Faith    .   b - +0 robe
rPois    .         Spirit   .   (no helmet)
rElec    .         Reflect  +   (no cloak)
rCorr    .         Harm     .   (no gloves)
MR       .....                  (no boots)
Stlth    ..........             j - +2 amulet of reflection
HPRegen  0.12/turn              (no ring)
MPRegen  0.11/turn              (no ring)

@: berserking, lethally poisoned (0 -> -4), very slightly contaminated,
invisible, very quick
A: distributed training, fangs 1, strong nose
a: no special abilities


You were on level 3 of the Dungeon.
You were not hungry.

You visited 1 branch of the dungeon, and saw 3 of its levels.

You collected 60 gold pieces.

Inventory:

Hand Weapons
 a - a +1 dagger (weapon)
Armour
 b - a +0 robe (worn)
Jewellery
 g - a +3 ring of evasion {unknown}
 j - a +2 amulet of reflection (around neck)
 k - an uncursed amulet of faith {unknown}
Scrolls
 e - a scroll of amnesia {unknown}
 f - a scroll of immolation {unknown}
Potions
 l - a potion of haste {unknown}
Books
 c - a book of Maledictions

   Spells                             Type                      Level
   a - Corona                         Hexes                        1
   b - Ensorcelled Hibernation        Hexes/Ice                    2
   c - Confuse                        Hexes                        3
   d - Tukima's Dance                 Hexes                        3
   e - Dazzling Spray                 Conjuration/Hexes            3
Comestibles
 d - 2 rations


   Skills:
 + Level 0.5 Fighting
 + Level 2.5 Short Blades
 + Level 0.5 Long Blades
 + Level 0.5 Axes
 + Level 0.5 Maces & Flails
 + Level 0.5 Polearms
 + Level 0.5 Staves
 + Level 0.5 Slings
 + Level 0.5 Bows
 + Level 0.5 Crossbows
 + Level 0.5 Throwing
 + Level 0.5 Armour
 + Level 4.5 Dodging
 + Level 5.9 Stealth
 + Level 0.5 Shields
 + Level 0.5 Unarmed Combat
 + Level 4.9 Spellcasting
 + Level 0.4 Conjurations
 + Level 5.4 Hexes
 + Level 0.4 Charms
 + Level 0.4 Summonings
 + Level 0.4 Necromancy
 + Level 0.4 Translocations
 + Level 0.4 Transmutations
 + Level 0.4 Fire Magic
 + Level 0.4 Ice Magic
 + Level 0.4 Air Magic
 + Level 0.4 Earth Magic
 + Level 0.4 Poison Magic
 + Level 0.7 Invocations
 + Level 0.5 Evocations


You had 10 spell levels left.
You knew the following spells:

 Your Spells              Type           Power        Failure   Level  Hunger
a - Corona                Hex            ###....      1%          1    None


Dungeon Overview and Level Annotations

Branches:
Dungeon (2/15)

Altars:


Innate Abilities, Weirdness & Mutations

Your experience applies equally to all skills.
You have very sharp teeth.
Your uncanny sense of smell can sniff out nearby items.


Message History

You are very lightly contaminated with residual magic.
It was a potion of berserk rage.
A red film seems to cover your vision as you go berserk!
You feel yourself moving faster!
You feel mighty! The leopard gecko closely misses you. The adder misses you.
You closely miss the adder.
* * * LOW HITPOINT WARNING * * *
You feel sick. You block the leopard gecko's attack.
The dart slug closely misses you. The worm barely misses you.
The adder misses you.
You barely miss the adder. Your bite misses the adder. You hit the adder.
The adder is moderately wounded.
The adder completely misses you.
You closely miss the adder.
The adder is moderately wounded.
The leopard gecko bites you.
* * * LOW HITPOINT WARNING * * *
The dart slug closely misses you. The worm misses you. The adder bites you.
You die...

#....../.
#.......#
###.......#
#.........#
#.........#
#.........#
#.lww.....#
#.S@......#
#.........#
#.........#
###########


You could see a worm, an adder, a dart slug and a leopard gecko.

Vanquished Creatures
  A dart slug (D:1)
  A giant cockroach (D:1)
  3 hobgoblins (D:1)
  6 jackals (D:1)
  2 ball pythons (D:1)
  3 bats (D:1)
  4 kobolds
20 creatures vanquished.

Notes
Turn   | Place    | Note
-------+----------+-------------------------------------------
     0 | D:1      | Nattfarinn the Gnoll Enchanter began the quest for the Orb.
     0 | D:1      | Reached XP level 1. HP: 13/13 MP: 6/6
   187 | D:1      | Reached XP level 2. HP: 15/19 MP: 7/7
   935 | D:2      | Reached XP level 3. HP: 24/25 MP: 9/9
   944 | D:2      | You fall through a shaft!
   960 | D:3      | Slain by an adder

Action                   || total
-------------------------++-------
Melee: Dagger            ||    74
       Bite              ||     3
  Use: Potion            ||     2
 Stab: Sleeping          ||     6
Armor: Robe              ||    11
Dodge: Dodged            ||    61
Block: Other             ||     5
